 Dungeon Crawl Stone Soup version 0.24.1-14-gf8d2b509d9 (console) character file.

Game seed: 13950563170894362509, levelgen mode: deterministic

624 Kagalorn the Covered (level 7, -1/52 HPs)
             Began as a Gnoll Wanderer on Mar 12, 2021.
             Was an Initiate of Okawaru.
             Slain by a centaur (4 damage)
             ... on level 5 of the Dungeon.
             The game lasted 00:10:52 (5156 turns).

Kagalorn the Covered (Gnoll Wanderer)               Turns: 5156, Time: 00:10:53

Health: -1/52      AC: 11    Str: 10    XL:     7   Next: 47%
Magic:  10/10      EV:  9    Int: 19    God:    Okawaru [......]
Gold:   215        SH:  0    Dex: 16    Spells: 10/10 levels left

rFire    + . .     SeeInvis .   a - +0 war axe
rCold    . . .     Gourm    .   (no shield)
rNeg     . . .     Faith    .   n - +1 scale mail {rF+}
rPois    .         Spirit   .   (no helmet)
rElec    .         Reflect  .   v - +0 cloak
rCorr    .         Harm     .   r - +0 pair of gloves
MR       .....                  (no boots)
Stlth    +.........             (no amulet)
HPRegen  0.17/turn              e - ring of attention (curse)
MPRegen  0.12/turn              (no ring)

@: no status effects
A: distributed training, fangs 1, strong nose
a: Renounce Religion


You were on level 5 of the Dungeon.
You worshipped Okawaru.
Okawaru was noncommittal.
You were not hungry.

You visited 1 branch of the dungeon, and saw 5 of its levels.

You collected 215 gold pieces.

Inventory:

Hand Weapons
 a - a +0 war axe (weapon)
 b - a +0 hand crossbow
 w - a +3 short sword
Missiles
 c - 24 bolts
 h - 6 javelins
 j - 117 stones
 m - 17 poisoned darts (quivered)
Armour
 n - a +1 scale mail of fire resistance (worn)
 r - a +0 pair of gloves (worn)
 v - a +0 cloak (worn)
Jewellery
 e - a cursed ring of attention (left hand)
Scrolls
 d - 2 scrolls of teleportation
 f - a scroll of magic mapping {unknown}
 i - 3 scrolls of identify {unknown}
Potions
 k - 2 potions of haste {unknown}
 l - 3 potions of might {unknown}
 o - 2 potions of heal wounds {unknown}
 p - 2 potions of brilliance {unknown}
 q - 3 potions of curing {unknown}
 s - a potion of flight {unknown}
 t - a potion of magic {unknown}
 u - a potion of invisibility {unknown}
Comestibles
 g - 4 rations


   Skills:
 + Level 3.6 Fighting
 + Level 3.6 Short Blades
 + Level 2.4 Long Blades
 + Level 2.4 Axes
 + Level 2.4 Maces & Flails
 + Level 2.4 Polearms
 + Level 2.4 Staves
 + Level 2.4 Slings
 + Level 3.6 Bows
 + Level 2.4 Crossbows
 + Level 3.6 Throwing
 + Level 7.0 Armour
 + Level 2.4 Dodging
 + Level 4.9 Stealth
 + Level 3.6 Shields
 + Level 2.4 Unarmed Combat
 + Level 2.4 Spellcasting
 + Level 2.0 Conjurations
 + Level 2.0 Hexes
 + Level 2.0 Charms
 + Level 2.0 Summonings
 + Level 2.0 Necromancy
 + Level 2.0 Translocations
 + Level 2.0 Transmutations
 + Level 2.0 Fire Magic
 + Level 2.0 Ice Magic
 + Level 2.0 Air Magic
 + Level 2.0 Earth Magic
 + Level 2.0 Poison Magic
 + Level 2.7 Invocations
 + Level 2.4 Evocations


You had 10 spell levels left.
You didn't know any spells.
Your spell library contained the following spells:

 Spells                   Type           Power        Failure   Level  Hunger
 Magic Dart               Conj           ##..         36%         1    #......
 Searing Ray              Conj           ##....       50%         2    ##.....
 Dazzling Spray           Conj/Hex       ##....       75%         3    ###....
 Force Lance              Conj/Tloc      ##......     98%         4    #####..
 Fulminant Prism          Conj/Hex       ##........   98%         4    #####..
 Iskenderun's Mystic Bla  Conj           ##......     98%         4    #####..


Dungeon Overview and Level Annotations

Branches:
Dungeon (5/15)
 Temple: D:4-7

Altars:
Dithmenos
Kikubaaqudgha
Nemelex Xobeh
Okawaru
Ru
Wu Jian
Zin

Annotations:
D:3 Grinder


Innate Abilities, Weirdness & Mutations

Your experience applies equally to all skills.
You have very sharp teeth.
Your uncanny sense of smell can sniff out nearby items.


Message History

You barely miss the centaur. You bite the centaur.
The centaur is severely wounded.
The centaur closely misses you. The centaur hits you!
* * * LOW HITPOINT WARNING * * *
You closely miss the centaur. You bite the centaur, but do no damage.
The centaur is severely wounded.
The centaur barely misses you. x2
You hit the centaur but do no damage.
The centaur is severely wounded.
The centaur hits you.
* * * LOW HITPOINT WARNING * * *
The centaur hits you but does no damage.
You barely miss the centaur.
The centaur is severely wounded.
The centaur hits you but does no damage.
The centaur closely misses you.
You barely miss the centaur.
The centaur is severely wounded.
The centaur closely misses you. The centaur hits you.
You die...

####################
........................
........................
........................
........................
........................
........................
...........(<...........
......c@....(...........
........................
........................
...................)....
........................
....................<...
........................
........................
..............


You could see a centaur.

Vanquished Creatures
  A scorpion (D:5)
  A howler monkey (D:4)
  2 orc priests (D:5)
  2 bullfrog skeletons
  3 iguanas (D:4)
  4 orc wizards
  3 worker ants (D:4)
  A gnoll (D:1)
  4 adders
  3 oozes
  An adder skeleton (D:4)
  2 worms
  4 dart slugs
  2 leopard geckos
  10 orcs
  5 bats
  3 giant cockroaches
  12 goblins
  6 hobgoblins
  8 jackals
  3 quokkas
  3 frilled lizards (D:1)
  5 kobolds
  A quokka skeleton (D:5)
  5 rats (D:1)
94 creatures vanquished.

Notes
Turn   | Place    | Note
-------+----------+-------------------------------------------
     0 | D:1      | Kagalorn the Gnoll Wanderer began the quest for the Orb.
     0 | D:1      | Kagalorn set off with the following items: a +2 short
                  | sword, a +0 hand crossbow, 24 bolts, a scroll of
                  | teleportation, a +0 robe, a +0 dagger, a ration
     0 | D:1      | Reached XP level 1. HP: 17/17 MP: 1/1
   147 | D:1      | Reached XP level 2. HP: 18/23 MP: 2/2
   396 | D:1      | Reached XP level 3. HP: 12/28 MP: 3/3
   831 | D:1      | Reached skill level 1 in Invocations
  1362 | D:2      | Found a glowing silver altar of Zin.
  1406 | D:2      | Reached skill level 1 in Long Blades
  1406 | D:2      | Reached skill level 1 in Axes
  1406 | D:2      | Reached skill level 1 in Maces & Flails
  1406 | D:2      | Reached skill level 1 in Polearms
  1406 | D:2      | Reached skill level 1 in Staves
  1406 | D:2      | Reached skill level 1 in Slings
  1406 | D:2      | Reached skill level 1 in Crossbows
  1406 | D:2      | Reached skill level 1 in Dodging
  1406 | D:2      | Reached skill level 1 in Unarmed Combat
  1406 | D:2      | Reached skill level 1 in Spellcasting
  1406 | D:2      | Reached skill level 1 in Evocations
  1600 | D:2      | Found a shadowy altar of Dithmenos.
  1609 | D:2      | Reached XP level 4. HP: 31/34 MP: 5/5
  2580 | D:3      | Noticed Grinder
  2639 | D:4      | Reached skill level 1 in Conjurations
  2639 | D:4      | Reached skill level 1 in Hexes
  2639 | D:4      | Reached skill level 1 in Charms
  2639 | D:4      | Reached skill level 1 in Summonings
  2639 | D:4      | Reached skill level 1 in Necromancy
  2639 | D:4      | Reached skill level 1 in Translocations
  2639 | D:4      | Reached skill level 1 in Transmutations
  2639 | D:4      | Reached skill level 1 in Fire Magic
  2639 | D:4      | Reached skill level 1 in Ice Magic
  2639 | D:4      | Reached skill level 1 in Air Magic
  2639 | D:4      | Reached skill level 1 in Earth Magic
  2639 | D:4      | Reached skill level 1 in Poison Magic
  2639 | D:4      | Reached XP level 5. HP: 25/40 MP: 6/6
  3060 | D:4      | Found a sacrificial altar of Ru.
  3155 | D:4      | Reached XP level 6. HP: 21/47 MP: 8/8
  3598 | D:4      | Found a sparkling altar of Nemelex Xobeh.
  3599 | D:4      | Found an ancient bone altar of Kikubaaqudgha.
  3600 | D:4      | Found an ornate altar of the Wu Jian Council.
  4048 | D:4      | Found an iron altar of Okawaru.
  4054 | D:4      | Became a worshipper of Warmaster Okawaru
  4069 | D:4      | Got a faintly glowing falchion
  4073 | D:4      | Got a pitted ring mail
  4085 | D:4      | Identified the +3 ring mail of the Were-rabbit {rC+ Int+2}
                  | (You found it on level 4 of the Dungeon)
  4097 | D:4      | Identified the +3 falchion "Syinafuq" {slice, +Blink rElec}
                  | (You found it on level 4 of the Dungeon)
  4371 | D:5      | Entered Level 5 of the Dungeon
  4403 | D:5      | Reached XP level 7. HP: 22/52 MP: 10/10
  4839 | D:5      | Reached skill level 7 in Armour
  5156 | D:5      | Slain by a centaur

Levels and vault maps discovered:
D:1:      psy_arrival_radial01, layout_loops_corners
D:2:      wander_river, layout_loops_ring, lemuel_crystal_altar,
          grunt_dithmenos_smoke
D:3:      layout_basic, lemuel_doored_altar, serial_bayou_crossing,
          uniq_sigmund, uniq_grinder, uniq_robin
D:4:      minmay_angry_zag, layout_basic, hangedman_ru_absence,
          okawaru_ov_weapons_minmay, chequers_temple_overflow_statue_of_worship,
          first_ration, serial_bayou_lake_a
D:5:      layout_basic, minitemple, serial_shops, shop

Skill      XL: |  1  2  3  4  5  6  7 |
---------------+----------------------+-----
Invocations    | 1 2 |  2.7
Long Blades    | 1 2 |  2.4
Axes           | 1 2 |  2.4
Maces & Flails | 1 2 |  2.4
Polearms       | 1 2 |  2.4
Staves         | 1 2 |  2.4
Slings         | 1 2 |  2.4
Crossbows      | 1 2 |  2.4
Dodging        | 1 2 |  2.4
Unarmed Combat | 1 2 |  2.4
Spellcasting   | 1 2 |  2.4
Evocations     | 1 2 |  2.4
Conjurations   | 1 2 |  2.0
Hexes          | 1 2 |  2.0
Charms         | 1 2 |  2.0
Summonings     | 1 2 |  2.0
Necromancy     | 1 2 |  2.0
Translocations | 1 2 |  2.0
Transmutations | 1 2 |  2.0
Fire Magic     | 1 2 |  2.0
Ice Magic      | 1 2 |  2.0
Air Magic      | 1 2 |  2.0
Earth Magic    | 1 2 |  2.0
Poison Magic   | 1 2 |  2.0
Fighting       | 3 |  3.6
Short Blades   | 3 |  3.6
Bows           | 3 |  3.6
Throwing       | 3 |  3.6
Shields        | 3 |  3.6
Armour         | 7 |  7.0
Stealth        | |  4.9

Action                   |  1- 3 |  4- 6 |  7- 9 || total
-------------------------+-------+-------+-------++-------
Melee: Short sword       |    90 |   200 |    42 ||   332
       Bite              |     6 |    19 |    15 ||    40
       Punch             |       |     2 |       ||     2
       War axe           |       |       |    49 ||    49
Throw: Dart              |     7 |       |       ||     7
 Stab: Sleeping          |    11 |     3 |       ||    14
       Distracted        |       |     1 |       ||     1
  Eat: Chunk             |     1 |     6 |       ||     7
       Ration            |       |     1 |     1 ||     2
Armor: Robe              |    62 |    15 |       ||    77
       Ring mail         |       |    31 |       ||    31
       Skin              |       |     5 |     4 ||     9
       Scale mail        |       |       |    38 ||    38
Dodge: Dodged            |   126 |   109 |    63 ||   298
